[Event "Early-Titled-Tuesday-Blitz-June-18-2024"]
[Site "Chess.com"]
[Date "2024.06.18"]
[Round "7"]
[White "HamedWafa4"]
[Black "wonderfultime"]
[Result "1-0"]
[WhiteElo "2695"]
[BlackElo "3023"]
[TimeControl "180+1"]
[EndTime "9:21:17 PDT"]
[Termination "HamedWafa4 won by resignation"]

1. d4 d5 2. Nf3 Nf6 3. c3 c6 4. Qc2 Bg4 5. Ne5 Bh5 6. Qf5 Bg6 7.
Qh3 Bxb1 8. Rxb1 e6 9. Qd3 Nbd7 10. Nxd7 Qxd7 11. Bg5 Ne4 12. Bh4 Be7 13. Bxe7 Qxe7 14. g3 e5 15. Bg2 Nd6 16. dxe5 Qxe5 17. O-O O-O 18. e3 Rfe8 19. Qd4 Qe7 20. a4 a5 21. b3 g6 22. Rfe1 h5 23. h4 Qc7 24. Qf4 Rad8 25. Rbd1 Qb6 26. c4 Ne4 27. cxd5 cxd5 28. Bxe4 Rxe4 29. Qg5 d4 30. exd4 Rdxd4 31. Rxe4 Rxd1+ 32. Kg2 Qc6 33. Qe5 Kh7 34. Qe8 Qd5 35. Qe5 Qxb3 36.
Rf4 Rd7 37. Qxa5 Qe6 38. Qc3 Re7 39. Qf3 Rc7 40. Rf6 Qe8 41. a5 Kg8 42. Rf4 Re7 43.
Rb4 Qd7 44. Re4 Rxe4 45. Qxe4 Qb5 46. Qe1 Kf8 47. Kg1 Qd5 48. Qb4+ Ke8 49. Kh2 Kd7 50.
Qb6 Qc6 51. Qd4+ Kc8 52. Qb4 Qd5 53. Kg1 Kc7 54. Qb6+ Kd7 55. Qb4 Ke6 56. Qb6+ Ke5 57. a6 bxa6 58. Qxa6 Kf5 59. Qe2 f6 60. Kh2 Qe4 61.
Qf1 g5 62. hxg5 fxg5 63. Qh3+ Kg6 64. Qc8 Qf3 65. Qg8+ Kf5 66. Qf7+ Kg4 67. Qe6+ Qf5 68. f3+ 1-0

[Event "Early-Titled-Tuesday-Blitz-June-18-2024"]
[Site "Chess.com"]
[Date "2024.06.18"]
[Round "7"]
[White "annazero"]
[Black "Iball95"]
[Result "0-1"]
[WhiteElo "2529"]
[BlackElo "2821"]
[TimeControl "180+1"]
[EndTime "9:21:19 PDT"]
[Termination "Iball95 won by checkmate"]

1. g3 d5 2. Bg2 Nf6 3. Nf3 c5 4. O-O Nc6 5. d3 g6 6. Nbd2 Bg7 7. e4 O-O 8. Re1 e6 9. c3 a5 10. Nb3 b6 11. exd5 exd5 12. a4 Bf5 13. Bf4 Nh5 14.
Bg5 Qd7 15. Qd2 Rfe8 16. Rxe8+ Rxe8 17. Re1 Rxe1+ 18. Nxe1 Nf6 19. Qe2 h6 20. Bf4 g5 21.
Be3 Ne5 22. Bxc5 Qxa4 23. Qxe5 Qxb3 24. Bd4 Bg6 25. Bf3 Qxb2 26. c4 Qc1 27. cxd5 Nh5 28. Qe8+ Kh7 29. Bxh5 Bxh5 30. Bxg7 Kxg7 31. d6 Bg4 32. d7 Bxd7 33. Qxd7 Qxe1+ 34. Kg2 Qe6 35. Qd4+ Qf6 36. Qc4 Qf5 37. Qd4+ Qf6 38. Qc4 Qd6 39.
d4 Qd7 40. d5 b5 41. Qc3+ Kh7 42. Qc6 Qd8 43. d6 Kg7 44. d7 Kf8 45. Qd6+ Kg8 46.
Qc6 Kf8 47. Qxh6+ Ke7 48. Qxg5+ Kxd7 49. Qxb5+ Ke7 50. Qe5+ Kd7 51. Qf5+ Kc6 52. Qxf7 Qd5+ 53. Qxd5+ Kxd5 54. h4 a4 55. h5 Ke6 56. g4 a3 57.
g5 a2 58. Kg3 a1=Q 59. h6 Kf5 60. h7 Qh8 61. g6 Kxg6 62. f4 Kxh7 63. Kf3 Kg7 64.
Kg4 Kf6 65. Kg3 Qh7 66. Kf3 Qf5 67. Kg3 Ke6 68. Kf3 Kd5 69. Kg3 Kd4 70. Kf3 Kd3 71. Kg3 Ke3 72. Kh4 Qxf4+ 73. Kh5 Qg3 74.
Kh6 Kf4 75. Kh7 Kf5 76. Kh8 Kf6 77. Kh7 Qg7# 0-1

[Event "Early-Titled-Tuesday-Blitz-June-18-2024"]
[Site "Chess.com"]
[Date "2024.06.18"]
[Round "7"]
[White "Erdnya15"]
[Black "tetrix83"]
[Result "1-0"]
[WhiteElo "2531"]
[BlackElo "2668"]
[TimeControl "180+1"]
[EndTime "9:21:20 PDT"]
[Termination "Erdnya15 won on time"]

1. c4 g6 2. Nc3 Bg7 3. d4 Nf6 4.
e4 O-O 5. Nf3 d6 6. h3 e5 7. Be2 exd4 8. Nxd4 Re8 9. Bg5 h6 10.
Bxf6 Qxf6 11. Nf3 Qd8 12. Qc2 Nd7 13. O-O Nc5 14. Bd3 a5 15. Rae1 c6 16. Qd2 Qf6 17. Bc2 Bxh3 18. e5 dxe5 19. Qe3 Bxg2 20. Kxg2 Ne6 21. Ne2 Red8 22. Rd1 Nf4+ 23. Nxf4 exf4 24. Qb6 Rxd1 25. Rxd1 Qe6 26. Rd8+ Rxd8 27. Qxd8+ Kh7 28. Qd3 Bxb2 29. c5 Bf6 30. Bb3 Qg4+ 31. Kf1 Kg7 32. Qc4 Qh3+ 33. Ke2 Qd7 34. Qxf4 Qe7+ 35. Qe3 h5 36.
Kd3 g5 37. Qxe7 Bxe7 38. Kd4 g4 39. Ne5 f5 40. Nd3 Bf6+ 41. Ke3 Bg5+ 42. f4 Be7 43. Be6 Kf6 44. Bc8 h4 45. Bxb7 h3 46. Kf2 Ke6 47.
Bxc6 Bh4+ 48. Kg1 g3 49. a4 Bf6 50. Bf3 Bd4+ 51. Kh1 Be3 52. c6 Kd6 53. Ne5 Bxf4 54.
Nc4+ Kc7 55. Nxa5 Be3 56. Nc4 Bf2 57. a5 g2+ 58. Bxg2 hxg2+ 59. Kxg2 Bc5 60. Ne5 Bd6 61.
a6 Bxe5 62. a7 1-0

[Event "Early-Titled-Tuesday-Blitz-June-18-2024"]
[Site "Chess.com"]
[Date "2024.06.18"]
[Round "7"]
[White "Sargsyan_Shant"]
[Black "Polish_fighter3000"]
[Result "1-0"]
[WhiteElo "2993"]
[BlackElo "3072"]
[TimeControl "180+1"]
[EndTime "9:21:24 PDT"]
[Termination "Sargsyan_Shant won on time"]

1. c4 Nf6 2. g3 e5 3. Bg2 Bc5 4. Nc3 O-O 5. Nf3 d6 6. O-O Nc6 7. d3 h6 8. Na4 a5 9. Nxc5 dxc5 10. b3 Re8 11. Bb2 Qd6 12. Nd2 Bf5 13. f4 Ng4 14.
fxe5 Qg6 15. Nf3 Ne3 16. Qd2 Nxf1 17. Rxf1 Bg4 18. Qf4 Re7 19. h3 Bxf3 20. Bxf3 a4 21. h4 axb3 22. axb3 Nd4 23. Bxd4 cxd4 24. Bxb7 Ra2 25.
Be4 Qe6 26. Bf3 Qxe5 27. Qxe5 Rxe5 28. b4 g6 29. Kf2 f5 30. Rg1 Kg7 31. g4 f4 32. g5 h5 33. Be4 Re8 34. Kf3 c6 35.
Rb1 Re6 36. b5 cxb5 37. cxb5 Rb6 38. Bc6 Rc2 39. Ra1 Kf7 40. Ra7+ Ke6 41. Rg7 Kf5 42. Rf7+ Ke5 43. Rg7 Rc5 44. Re7+ Kd6 45. Rf7 Ke5 46. Rxf4 Rc1 47. Re4+ Kd6 48. Rxd4+ Ke7 49. Re4+ Kf8 50. Re8+ Kf7 51. Ra8 Rh1 52. Ke3 Rxh4 53. d4 Rg4 54.
Kd3 h4 55. Kc4 h3 56. Rh8 Rxg5 57. Rxh3 Rb8 58. d5 Rg1 59. Kc5 Ke7 60. Re3+ Kf6 61. Kd6 1-0

[Event "Early-Titled-Tuesday-Blitz-June-18-2024"]
[Site "Chess.com"]
[Date "2024.06.18"]
[Round "7"]
[White "SahibSinghKnight"]
[Black "the_chess_child"]
[Result "1/2-1/2"]
[WhiteElo "2695"]
[BlackElo "2864"]
[TimeControl "180+1"]
[EndTime "9:21:24 PDT"]
[Termination "Game drawn by repetition"]

1. e4 c5 2. Nf3 e6 3. d4 cxd4 4. Nxd4 Nf6 5. Nc3 Nc6 6. Ndb5 Bb4 7. a3 Bxc3+ 8. Nxc3 d5 9. exd5 exd5 10. Bd3 O-O 11. O-O d4 12. Ne2 Bg4 13. h3 Bh5 14.
Bg5 Re8 15. Re1 Qd6 16. Qd2 Ne4 17. Bxe4 Rxe4 18. Nf4 Rxe1+ 19. Rxe1 Bg6 20. Nxg6 hxg6 21. Qd3 Rc8 22. c3 Qd5 23. Be3 Qb3 24. Bxd4 Qxb2 25.
Rb1 Qxa3 26. Rxb7 Qc1+ 27. Kh2 Qf4+ 28. g3 Qd6 29. Qf3 Qe6 30. Bxa7 Ne5 31. Qe4 Qf6 32. Bd4 Nf3+ 33. Kg2 Nxd4 34. cxd4 Rd8 35. d5 Qd6 36. Rb5 Kf8 37. Qd4 Kg8 38. Rc5 Qe7 39. Rc6 Qd7 40. Rc5 Qd6 41. Qc4 Qe5 42. Rc8 Rxc8 43. Qxc8+ Kh7 44. Qd7 Qe4+ 45. Kh2 f6 46. Qe6 Qf3 47. Kg1 Qd1+ 48. Kg2 Qb3 49. Qc6 Qd3 50. d6 g5 51. d7 Kg6 52. Qe6 Kh7 53. Qe8 Qd5+ 54. Kh2 Qd2 55. Kg1 Qd1+ 56. Kg2 Qd5+ 57. f3 Qd2+ 58. Kf1 Qd1+ 59. Kf2 Qd2+ 60. Kg1 Qd1+ 61. Kg2 Qd2+ 62. Kg1 Qd1+ 63. Kf2 Qd2+ 64. Kf1 Qd1+ 65. Kf2 1/2-1/2

[Event "Early-Titled-Tuesday-Blitz-June-18-2024"]
[Site "Chess.com"]
[Date "2024.06.18"]
[Round "7"]
[White "Aygehovit1992"]
[Black "Prizant_academy"]
[Result "1-0"]
[WhiteElo "2809"]
[BlackElo "2964"]
[TimeControl "180+1"]
[EndTime "9:21:25 PDT"]
[Termination "Aygehovit1992 won by resignation"]

1. e4 c5 2. Nc3 e6 3. d4 cxd4 4. Qxd4 Nc6 5. Qe3 Nf6 6. Nf3 d5 7. exd5 Nb4 8. Bb5+ Bd7 9. Qe2 Nbxd5 10. Bd2 Bd6 11.
Ne5 Bxe5 12. Qxe5 Bxb5 13. Nxb5 O-O 14. c4 Nb6 15. b3 a6 16. Nc3 Rc8 17. Qe2 Qd4 18.
O-O Rfd8 19. Rfd1 Nbd7 20. Rac1 Qb6 21. h3 h6 22. Na4 Qc6 23. Bf4 e5 24. Be3 e4 25.
Bd4 Qe6 26. Nc3 b6 27. Rd2 Nc5 28. Rcd1 Re8 29. Bxc5 bxc5 30. Rd6 Qe5 31. Qe3 Re6 32. Rxe6 Qxe6 33. Nd5 Nd7 34. Nf4 Qe7 35. Qg3 Nf6 36. Nd5 Qe6 37. Nxf6+ Qxf6 38. Kh2 Qd8 39. Rxd8+ Rxd8 40. Qe3 Rd4 41. g4 g6 42. Qxh6 Rd3 43. Qf4 Rd4 44.
Qe3 Kg7 45. g5 Kf8 46. h4 a5 47. Qf4 Ke7 48. Kg3 Ke6 49. Qg4+ Ke7 50. Qc8 Rd3+ 51. Kf4 Rd2 52. Qxc5+ Ke8 53. Qc6+ Ke7 54. Ke3 Rxa2 55.
Qxe4+ Kf8 56. Qd5 Rb2 57. Qc5+ Kg8 58. Qxa5 Rxb3+ 59. Ke4 Rh3 60. Qd8+ Kh7 61. c5 Rxh4+ 62. Kd5 Rh1 63. Qf6 Kg8 64. c6 Rd1+ 65. Kc5 Rc1+ 66.
Kd6 Rd1+ 67. Kc7 Re1 68. Kc8 1-0

[Event "Early-Titled-Tuesday-Blitz-June-18-2024"]
[Site "Chess.com"]
[Date "2024.06.18"]
[Round "7"]
[White "KorolDimitriy75"]
[Black "mostafa_sakha"]
[Result "1/2-1/2"]
[WhiteElo "2522"]
[BlackElo "2392"]
[TimeControl "180+1"]
[EndTime "9:21:25 PDT"]
[Termination "Game drawn by stalemate"]

1. d4 Nf6 2. c4 e6 3. Nc3 Bb4 4. Qc2 O-O 5. e4 d6 6. e5 dxe5 7. dxe5 Ng4 8. Nf3 Nc6 9. Bf4 Nd4 10. Nxd4 Qxd4 11. Bg3 Nxe5 12. Rd1 Qc5 13. a3 Bxc3+ 14. Qxc3 Ng6 15. b4 Qe7 16. Be2 e5 17. O-O Bf5 18. Rfe1 f6 19. Qf3 Bc8 20. Qd5+ Qe6 21. Qc5 b6 22.
Qxc7 Rf7 23. Qd6 Qxd6 24. Rxd6 Bb7 25. c5 bxc5 26. Bc4 Bc8 27. Rd8+ Nf8 28. bxc5 Bb7 29.
Rxa8 Bxa8 30. Rb1 Be4 31. Rb8 g5 32. h3 Kg7 33. Bxf7 Kxf7 34. f3 Bd5 35. Bf2 Ne6 36. Rc8 Ke7 37. c6 Kd6 38. Bxa7 Bxc6 39. Rh8 Nf4 40.
Rxh7 e4 41. fxe4 Bxe4 42. Rh6 Ke6 43. Bd4 Nxg2 44. Bxf6 Kd5 45. Bxg5 Ne1 46. h4 Nf3+ 47. Kf2 Ne5 48. a4 Ng4+ 49. Kg3 Nxh6 50. Bxh6 Ke6 51.
Kf4 Kd5 52. a5 Bc2 53. Bg7 Kc6 54. Bc3 Kb7 55. Kg5 Ka8 56. h5 Bd3 57. h6 Bc2 58.
Kf6 Bd3 59. Ke7 Bc2 60. Kd6 Bd3 61. Ke5 Bc2 62. Kd4 Bb1 63. Ke5 Bc2 64. Kf6 Bb1 65.
Kg7 Bc2 66. h7 Bxh7 67. Kxh7 Kb7 68. Kg7 Ka8 69. Kf6 Kb7 70. Ke5 Ka8 71. Kd5 Kb7 72. Kc5 Ka8 73. Kb5 Kb7 74. Bd4 Ka8 75. a6 Kb8 76. Kb6 Ka8 77. a7 1/2-1/2

[Event "Early-Titled-Tuesday-Blitz-June-18-2024"]
[Site "Chess.com"]
[Date "2024.06.18"]
[Round "7"]
[White "Fh2411"]
[Black "LoonsDeKoeben"]
[Result "1/2-1/2"]
[WhiteElo "2551"]
[BlackElo "2396"]
[TimeControl "180+1"]
[EndTime "9:21:27 PDT"]
[Termination "Game drawn by stalemate"]

1. d4 Nf6 2. Nf3 e6 3. Bf4 b6 4. e3 Ba6 5. Bd3 Be7 6. O-O d5 7. Nbd2 O-O 8. Ne5 Bxd3 9. cxd3 Nfd7 10. Rc1 Nxe5 11. Bxe5 c5 12. Qg4 g6 13. Bxb8 Rxb8 14. Nf3 Bf6 15. b3 Qe7 16. Rc2 Rbc8 17. Rfc1 Rc7 18.
dxc5 Rxc5 19. d4 Rxc2 20. Rxc2 Qd7 21. Nd2 Rc8 22. Qd1 Bd8 23. Qc1 Rc7 24. Rxc7 Qxc7 25. Qxc7 Bxc7 26. a4 Bd6 27. Kf1 Bb4 28. Nf3 f6 29. g4 g5 30. h4 h6 31. h5 Kf7 32.
Ng1 f5 33. f3 Kf6 34. Ne2 e5 35. Kf2 Bd2 36. Ng3 fxg4 37. fxg4 exd4 38. exd4 Kg7 39. Nf5+ Kh7 40. Ke2 Bb4 41. Kd3 Bf8 42. Ne3 Kg7 43. Nxd5 Kf7 44. Ke4 Ke6 45. Nc7+ Kd7 46. Nd5 Bg7 47.
Ne3 Ke6 48. Nf5 Bf8 49. d5+ Kf6 50. Kd4 Bc5+ 51. Kc4 Bf8 52. Kb5 Ke5 53. Kc6 Kf4 54.
d6 Bxd6 55. Kxd6 Kxg4 56. Nxh6+ Kxh5 57. Nf5 Kg4 58. Ke5 Kf3 59. b4 g4 60. a5 bxa5 61.
bxa5 g3 62. Nxg3 Kxg3 63. Kd6 Kf4 64. Kc7 Ke5 65. Kb7 Kd6 66. a6 Kd7 67. Kxa7 Kc7 68. Ka8 Kc8 69. a7 Kc7 1/2-1/2

[Event "Early-Titled-Tuesday-Blitz-June-18-2024"]
[Site "Chess.com"]
[Date "2024.06.18"]
[Round "7"]
[White "XDPS"]
[Black "Vengea_nce"]
[Result "1-0"]
[WhiteElo "2872"]
[BlackElo "2657"]
[TimeControl "180+1"]
[EndTime "9:21:30 PDT"]
[Termination "XDPS won by resignation"]

1. d4 d5 2. Nf3 Nf6 3. Bf4 c5 4. e3 Nc6 5. Nbd2 Bg4 6. c3 e6 7. Qa4 Nd7 8. Rd1 a6 9. h3 Bh5 10. Bd3 b5 11. Qc2 Rc8 12. O-O cxd4 13. exd4 Nb4 14.
Qb1 Nxd3 15. Qxd3 Be7 16. Rfe1 O-O 17. a3 Bg6 18. Qe2 Qb6 19. Rc1 Rc6 20. Nf1 a5 21.
Ne3 Re8 22. Bg3 Bh5 23. Bh2 h6 24. g4 Bg6 25. Bg3 b4 26. axb4 axb4 27. c4 dxc4 28. d5 Rcc8 29. Nxc4 Qa6 30. dxe6 Qxe6 31. Qxe6 fxe6 32.
Nd6 Rxc1 33. Rxc1 Bxd6 34. Bxd6 Be4 35. Nd2 Bd5 36. Bxb4 Rb8 37. Bc3 Nb6 38. Be5 Rb7 39. b4 Nd7 40. Bc3 Nb8 41. Nf1 Nc6 42. Rb1 Be4 43.
Rb2 Na7 44. Ne3 Nb5 45. Be5 Na7 46. Bd6 Rb5 47. Bc5 Nc6 48. Nc4 Bd5 49. Nd6 Rb8 50. b5 Ne5 51. Be3 Nc4 52. Nxc4 Bxc4 53. b6 Bd5 54. Rc2 Kh7 55. Rc7 Rb7 56. Bd4 Kg6 57. f4 Rxc7 58. bxc7 Bb7 59. Kf2 h5 60. Kg3 hxg4 61.
hxg4 Kf7 62. Kh4 Bc8 63. Kg5 Bd7 64. Be5 Bc8 65. Kh4 Bd7 66. Kg3 Bc8 67. Kf3 g6 68. Kg3 Bd7 69. Kf3 Bc8 70. Ke4 Ke7 71. Bc3 Kd6 72. Ba5 Bb7+ 73. Kd4 Kd7 74. Ke5 Bf3 75. g5 Bd1 76. Kf6 Bc2 77. Kf7 Bf5 78. Kf6 Kc8 79.
Ke7 Bc2 80. Kd6 Bf5 81. Ke7 Bb1 82. Kxe6 Bf5+ 83. Kd6 Bb1 84. Bc3 Bf5 85. Be5 Bb1 86. Ke7 Bf5 87. Kf6 Be4 88. Kg7 Bf5 89. Kf8 Be4 90.
Ke7 Bf5 91. Kd6 Be4 92. Kc5 Bf5 93. Kd4 Be4 94. Kxe4 1-0

[Event "Early-Titled-Tuesday-Blitz-June-18-2024"]
[Site "Chess.com"]
[Date "2024.06.18"]
[Round "7"]
[White "Mikozovna"]
[Black "Pelusiansky"]
[Result "1-0"]
[WhiteElo "2632"]
[BlackElo "2446"]
[TimeControl "180+1"]
[EndTime "9:21:30 PDT"]
[Termination "Mikozovna won on time"]

1. e4 c6 2. d3 d5 3. Nd2 g6 4. Ngf3 Bg7 5. d4 dxe4 6. Nxe4 Nf6 7. Nxf6+ exf6 8. Bc4 O-O 9. O-O Be6 10. Bxe6 fxe6 11. Re1 Re8 12. c3 Nd7 13. Qb3 Nb6 14. Rxe6 Qd5 15.
Rxe8+ Rxe8 16. Qxd5+ Nxd5 17. Kf1 g5 18. a4 h6 19. a5 a6 20. Ra3 Rd8 21. Rb3 Rd7 22. Ne1 Bf8 23. Nd3 Bd6 24. h3 Kf7 25. Be3 Ne7 26. Ke2 Ke6 27. c4 Nf5 28. g4 Ne7 29.
Rb6 Kf7 30. f3 Nc8 31. Rb3 Ne7 32. Bd2 Ng6 33. Nf2 Bb8 34. Ne4 Ba7 35. Be3 Ne7 36. c5 Bb8 37. Kd3 f5 38. Nd2 Ke6 39. Nc4 Ng6 40. Ra3 Ba7 41. Kc3 Ne7 42. b4 Nd5+ 43. Kd3 Nxb4+ 44. Ke2 Nd5 45. Rb3 f4 46. Bf2 Bb8 47.
Kd3 Kf7 48. h4 Ne7 49. hxg5 hxg5 50. Rb1 Ng6 51. Rh1 Kg7 52. Rh5 Rd5 53. Nb6 Ne5+ 54. Ke4 Rd8 55. dxe5 Kg6 56. Rh1 Rd2 57. Rf1 Re2+ 58.
Kd3 Rxe5 59. Bd4 Re6 60. Rf2 Bc7 61. Re2 Kf7 62. Rxe6 Kxe6 63. Nc4 Bd8 64. Ke4 Be7 65. Nd2 Bd8 66. Nb3 Be7 67. Be5 Bd8 68. Bd6 Bf6 69.
Nd2 Bd8 70. Nc4 Bf6 71. Nd2 Bd8 72. Nb3 Bf6 73. Nd4+ Kf7 74. Bc7 Be7 75. Bb6 Bf6 76. Nf5 Ke6 77. Nd6 1-0

[Event "Early-Titled-Tuesday-Blitz-June-18-2024"]
[Site "Chess.com"]
[Date "2024.06.18"]
[Round "7"]
[White "IlanSchnaider"]
[Black "viktorskliarov"]
[Result "0-1"]
[WhiteElo "2811"]
[BlackElo "2658"]
[TimeControl "180+1"]
[EndTime "9:21:32 PDT"]
[Termination "viktorskliarov won on time"]

1. e4 c5 2. Nf3 Nc6 3. Bb5 e6 4.
O-O Nge7 5. d4 cxd4 6. Nxd4 Qb6 7. Nxc6 dxc6 8. Bd3 e5 9. Nd2 Ng6 10. Nc4 Qc7 11.
a4 Be7 12. Kh1 O-O 13. a5 Be6 14. Be3 Nf4 15. Bxf4 exf4 16. Qf3 Bf6 17. e5 Bxc4 18.
exf6 Bxd3 19. fxg7 Bxf1 20. gxf8=Q+ Kxf8 21. Rxf1 Qxa5 22. Qxf4 Qb5 23. Qd6+ Kg8 24. Qg3+ Kf8 25. Qa3+ Kg8 26. Re1 Qf5 27. Qg3+ Kf8 28. Re3 Rd8 29. h3 Qxc2 30.
Qh4 Qd1+ 31. Kh2 Qd6+ 32. f4 Re8 33. Rg3 h6 34. Qg4 Re6 35. Qf5 Rg6 36. Rd3 Qe6 37. Qc5+ Kg7 38. f5 Rxg2+ 39. Kxg2 Qe2+ 40. Kg1 Qxd3 41. Qe5+ Kg8 42. Qe8+ Kg7 43. Qe5+ Kf8 44. f6 Qd1+ 45.
Kf2 Qd2+ 46. Kf1 Qd1+ 47. Kf2 Qd2+ 48. Kg1 Qd1+ 49. Kh2 Qd2+ 50. Kg3 Qg5+ 51. Qxg5 hxg5 52. Kg4 a5 53. Kxg5 b5 54. Kf5 a4 55. Ke4 c5 56.
Kd5 c4 57. Kd4 Kg8 58. Kc3 Kh7 59. Kb4 Kg6 60. Kxb5 c3 61. bxc3 a3 62. c4 a2 63.
c5 a1=Q 64. c6 Qa8 65. c7 Qc8 66. Kc6 Kxf6 67. h4 Kg6 68. Kd6 Kh5 69. Ke7 Kxh4 70.
Kxf7 Qxc7+ 71. Kf6 Qd8+ 0-1

[Event "Early-Titled-Tuesday-Blitz-June-18-2024"]
[Site "Chess.com"]
[Date "2024.06.18"]
[Round "7"]
[White "AldokhinIvan"]
[Black "BardArtem"]
[Result "0-1"]
[WhiteElo "2643"]
[BlackElo "2840"]
[TimeControl "180+1"]
[EndTime "9:21:33 PDT"]
[Termination "BardArtem won on time"]

1. e4 e5 2. Nf3 Nc6 3. Bb5 Nge7 4. Nc3 Ng6 5. d4 exd4 6. Nxd4 Nxd4 7. Qxd4 c6 8. Bc4 Qb6 9. Qd2 Be7 10. O-O O-O 11.
Kh1 d6 12. f4 Be6 13. Bd3 f5 14. b3 fxe4 15. Nxe4 d5 16. Ng3 Bf6 17. Rb1 Bf7 18.
Nh5 Bd4 19. c3 Bc5 20. Bb2 Rae8 21. b4 Be3 22. Qc2 d4 23. cxd4 Bxd4 24. Rbd1 Bxb2 25. Qxb2 Ne5 26. Nxg7 Kxg7 27. Rde1 Qd8 28. Rxe5 Rxe5 29. Qxe5+ Qf6 30. Qc5 Rd8 31. Bc2 Rd2 32. h3 Bd5 33. Rg1 h6 34. Bb3 Bxb3 35. axb3 Qd4 36. Qe7+ Kg8 37.
Qe8+ Kg7 38. Qe7+ Kg8 39. f5 Rf2 40. Qxb7 Rxf5 41. Qc8+ Rf8 42. Qe6+ Kg7 43. Qxc6 Qxb4 44. Qc7+ Rf7 45. Qc2 Qb6 46. Rd1 Rc7 47. Qb2+ Qf6 48.
Qxf6+ Kxf6 49. Ra1 Kg5 50. Ra5+ Kg6 51. Kh2 Rb7 52. Ra6+ Kg5 53. Ra3 h5 54. Ra5+ Kg6 55. Ra4 Re7 56. b4 Kg5 57. Ra5+ Kg6 58. Kg3 Rb7 59.
Ra6+ Kf5 60. Ra5+ Kf6 0-1

[Event "Early-Titled-Tuesday-Blitz-June-18-2024"]
[Site "Chess.com"]
[Date "2024.06.18"]
[Round "7"]
[White "doublesik"]
[Black "ChessSwole"]
[Result "1-0"]
[WhiteElo "2582"]
[BlackElo "2696"]
[TimeControl "180+1"]
[EndTime "9:21:33 PDT"]
[Termination "doublesik won by resignation"]

1. d4 Nf6 2. c4 g6 3. Nc3 d5 4.
cxd5 Nxd5 5. e4 Nxc3 6. bxc3 Bg7 7. Bc4 c5 8. Ne2 O-O 9. O-O Nc6 10. Be3 Bg4 11. f3 Bd7 12. Qd2 Qa5 13. Rfd1 Rac8 14. dxc5 Ne5 15. Bd5 Bb5 16. Bd4 Rcd8 17. Qb2 e6 18.
Bxb7 Nc4 19. Qc1 Qc7 20. c6 Ba4 21. Re1 e5 22. Bc5 Rfe8 23. Ng3 Bxc6 24. Bxc6 Qxc6 25. Bxa7 Rd2 26. Re2 Red8 27. Rxd2 Rxd2 28. Nf1 Rd7 29. Bf2 Qa4 30. Rb1 h5 31. Rb4 Qxa2 32. Ne3 Nxe3 33. Bxe3 Qe2 34. Rb1 Rd3 35. Bf2 Bh6 36. Qe1 Qc2 37.
h3 Rd2 38. Rc1 Qb2 39. Rb1 Qxc3 40. Rd1 Qd3 41. Rxd2 Bxd2 42. Qf1 Qc3 43. Qe2 Bf4 44. g3 Qc1+ 45. Kg2 Bd2 46. h4 Kg7 47. Qf1 Qc2 48. Qe2 Qc3 49. Qf1 Be3 50. Bxe3 Qxe3 51. Qf2 Qd3 52. Qf1 Qc3 53. Qf2 Kf6 54. Qe2 Qd4 55. Qf2 Qc4 56. Qf1 Qb4 57. Qf2 Kg7 58. Qe2 Qd4 59. Qf2 Qc4 60. Qd2 Qc5 61. Qf2 Qd6 62. Qe2 f5 63. exf5 gxf5 64. Qb2 Kg6 65.
Qe2 Qd4 66. Qa6+ Kg7 67. Qe2 e4 68. fxe4 Qxe4+ 69. Kf2 Qd4+ 70. Qe3 Qb2+ 71. Kf3 Kf6 72. Qh6+ Ke5 73. Qg7+ 1-0

[Event "Early-Titled-Tuesday-Blitz-June-18-2024"]
[Site "Chess.com"]
[Date "2024.06.18"]
[Round "7"]
[White "pavelalexandru07"]
[Black "rockstar0902"]
[Result "1-0"]
[WhiteElo "2472"]
[BlackElo "2603"]
[TimeControl "180+1"]
[EndTime "9:21:33 PDT"]
[Termination "pavelalexandru07 won by resignation"]

1. e4 e5 2. Nf3 Nc6 3. Bb5 a6 4.
Ba4 Nf6 5. O-O b5 6. Bb3 Bb7 7. Re1 Bc5 8. c3 d6 9. a4 O-O 10. d4 Bb6 11. Na3 exd4 12. cxd4 Nb4 13. Bg5 h6 14.
Bxf6 Qxf6 15. axb5 axb5 16. Nxb5 Rxa1 17. Qxa1 Bc6 18. Nc3 Bxd4 19. Nxd4 Qxd4 20. Qd1 Qxd1 21. Rxd1 Rb8 22. f3 Nd3 23. Rxd3 Rxb3 24. Rd2 Kf8 25. Kf2 Ke7 26. Ke1 Rb8 27. Kd1 h5 28. h4 Rg8 29. Nd5+ Kd7 30. Nf4 Rh8 31. Nd3 Ke7 32. Nb4 Ba4+ 33. Ke2 c6 34. Ke3 Rb8 35. Nd3 Rb3 36. Kf2 Bb5 37. Nf4 g6 38. Rc2 Kd7 39. Ke1 c5 40. Nd5 Ba4 41. Rd2 Bc6 42. Nc3 Ke6 43.
Kf2 Rb8 44. Ke3 Ra8 45. Nd5 Ra1 46. Nf4+ Ke7 47. Kf2 Rh1 48. Kg3 Rb1 49. Kf2 Bb7 50. Ne2 Ke6 51. Nc3 Rc1 52. Nb5 d5 53. exd5+ Kd7 54. Nc3 f5 55. Na4 Kd6 56. Nc3 Ba6 57. Ke3 Rh1 58. Kf4 Rxh4+ 59. Kg5 Rh2 60. Kxg6 h4 61.
Kxf5 Bf1 62. Ne4+ Ke7 63. d6+ Kd8 64. Nxc5 Rxg2 65. Rxg2 Bxg2 66. Kg4 h3 67. Kg3 Bh1 68. b4 h2 69. f4 Bc6 70. Kxh2 1-0

[Event "Early-Titled-Tuesday-Blitz-June-18-2024"]
[Site "Chess.com"]
[Date "2024.06.18"]
[Round "7"]
[White "DinaBelenkaya"]
[Black "LeoLV10"]
[Result "1-0"]
[WhiteElo "2356"]
[BlackElo "2533"]
[TimeControl "180+1"]
[EndTime "9:21:33 PDT"]
[Termination "DinaBelenkaya won by checkmate"]

1. g3 c5 2. Bg2 Nc6 3. e4 g6 4. f4 Bg7 5. Nf3 e6 6. d3 Nge7 7. O-O O-O 8. c3 d5 9. e5 b5 10. Nbd2 Bb7 11. Qe2 Qb6 12. Kh1 Rac8 13. Re1 Rfd8 14.
Nf1 d4 15. Ng5 dxc3 16. bxc3 Nd5 17. Bd2 Nce7 18. Ne4 h6 19. Nd6 Rc7 20. Nxb7 Rxb7 21. c4 Nb4 22. Bxb4 cxb4 23. Bxb7 Qxb7+ 24. Qe4 Qxe4+ 25. Rxe4 Rxd3 26. cxb5 Nd5 27. Rc4 Bf8 28. Rc8 Kg7 29.
Rac1 b3 30. axb3 Rxb3 31. Rb8 g5 32. Nd2 Rd3 33. Ne4 gxf4 34. gxf4 Nxf4 35. Rg1+ Ng6 36.
Rb7 Rd4 37. Nd6 Bxd6 38. exd6 Rxd6 39. Rxa7 Rb6 40. Rb1 Ne5 41. Ra6 Rb7 42. b6 Nc4 43.
Rb4 Nd6 44. Ra7 Rb8 45. Rd7 Nb7 46. Rf4 Kg6 47. Rfxf7 Nc5 48. Rg7+ Kf6 49. Rdf7+ Ke5 50. Rc7 Kd6 51. b7 e5 52. Kg2 e4 53. Kf2 Rf8+ 54. Ke3 Rf3+ 55. Ke2 Rb3 56. Rcf7 Ke5 57. Re7+ Kd4 58.
Rg6 Rb2+ 59. Kd1 Nd3 60. Rd6+ Ke3 61. Rxd3+ Kxd3 62. Rd7+ Ke3 63. Rf7 Rb6 64. Rd7 Rb1+ 65. Kc2 Rb5 66. Kd1 h5 67. Rf7 Rb3 68. Rd7 h4 69. h3 Kf3 70. Rf7+ Kg3 71. Re7 Rxb7 72. Rxb7 Kxh3 73. Ke2 Kg2 74. Rg7+ Kh2 75. Kf2 h3 76. Rg3 e3+ 77. Rxe3 Kh1 78. Rxh3# 1-0

[Event "Early-Titled-Tuesday-Blitz-June-18-2024"]
[Site "Chess.com"]
[Date "2024.06.18"]
[Round "7"]
[White "ATM622"]
[Black "cycygogne"]
[Result "1-0"]
[WhiteElo "2542"]
[BlackElo "2217"]
[TimeControl "180+1"]
[EndTime "9:21:34 PDT"]
[Termination "ATM622 won by resignation"]

1. d4 Nf6 2. c4 c5 3. d5 e6 4. Nc3 exd5 5. cxd5 d6 6. g3 g6 7. Bg2 Bg7 8. Nf3 a6 9. a4 O-O 10. O-O Re8 11. Nd2 Qc7 12. Nc4 Nbd7 13. a5 Ne5 14.
Nxe5 Rxe5 15. Bf4 Re8 16. e4 Nh5 17. Bd2 f5 18. Re1 fxe4 19. Rxe4 Bd7 20. Bg5 Nf6 21. Bxf6 Bxf6 22. Qf3 Bd4 23. Qe2 Rf8 24. Rf1 Rae8 25.
h4 Qd8 26. h5 Bf5 27. Re6 Qd7 28.
hxg6 Bxg6 29. Be4 Qf7 30. Bxg6 hxg6 31. Kg2 Rxe6 32. dxe6 Qf5 33. e7 Re8 34. Re1 Qf7 35.
f4 Bf6 36. Qe4 Rxe7 37. Qb1 Qb3 38. Rxe7 Bxe7 39. Qxg6+ Kf8 40. Qf5+ Ke8 41. Nd5 Qxb2+ 42. Kh3 Qh8+ 43. Kg4 Qg7+ 44. Kf3 Qf7 45. Qc8+ Bd8 46. Ke4 Qg6+ 47. Qf5 Qxf5+ 48. Kxf5 Bxa5 49. g4 c4 50. Ke4 c3 51. Kd3 b5 52. f5 b4 53. Kc2 Kf7 54. g5 Bd8 55. g6+ Kg7 56. Nf4 a5 57. Nh5+ Kg8 58. f6 a4 59. f7+ Kf8 60. Nf4 Bf6 61.
Ne6+ Ke7 62. f8=Q+ Kxe6 63. Qc8+ Ke5 64. Qe8+ Kd5 65.
Qxa4 Kc4 66. Qb3+ Kc5 67. Qf7 Be5 68. g7 Bxg7 69. Qxg7 d5 70. Qe5 Kc4 71. Qe6 Kc5 72. Qc8+ Kd4 73. Qb7 Kc4 74. Qc6+ Kd4 75. Kb3 Kd3 76.
Qxd5+ Ke2 77. Qc4+ Kd2 78. Qxb4 Kc1 79. Qxc3+ 1-0

[Event "Early-Titled-Tuesday-Blitz-June-18-2024"]
[Site "Chess.com"]
[Date "2024.06.18"]
[Round "7"]
[White "CrimeFightingSpider07"]
[Black "slidingknight2775"]
[Result "0-1"]
[WhiteElo "2543"]
[BlackElo "2695"]
[TimeControl "180+1"]
[EndTime "9:21:36 PDT"]
[Termination "slidingknight2775 won by resignation"]

1. d4 Nf6 2. Nf3 e6 3. c4 d5 4. g3 dxc4 5. Qa4+ c6 6. Qxc4 b5 7. Qd3 Bb7 8. Bg2 a6 9. O-O c5 10. dxc5 Qxd3 11. exd3 Bxc5 12. d4 Bd6 13. Nc3 Nbd7 14.
Be3 O-O 15. Rfc1 Rfd8 16. Ne5 Bxg2 17. Nxd7 Bf3 18. Nxf6+ gxf6 19. Rc2 Rac8 20. Rac1 Rc4 21. b3 Rcc8 22. Nb1 Rxc2 23. Rxc2 Kg7 24. Nd2 Bd5 25. Kf1 a5 26. Ke2 Ra8 27. Bf4 Bxf4 28. gxf4 Kg6 29. Rc5 Rb8 30. Ke3 a4 31. Rc7 axb3 32.
axb3 Ra8 33. Rc5 b4 34. Rb5 Ra1 35. Rxb4 Re1+ 36. Kd3 Rh1 37. Rb8 Rxh2 38. Ke3 Rh3+ 39. f3 Kg7 40. b4 Rh1 41. Ne4 Re1+ 42. Kf2 Rd1 43. Ke3 f5 44. Nd6 Rf1 45. b5 Rxf3+ 46. Kd2 Rxf4 47. Kc3 Rf3+ 48. Kb4 h5 49. b6 h4 50. b7 Rb3+ 51. Kc5 h3 52. Ra8 Bxb7 53. Nxb7 Rxb7 54. Ra3 h2 55. Rh3 Rb2 56. Kd6 Kg6 57.
Ke5 Rf2 58. Rg3+ Kh5 59. Rg8 Kh4 60. d5 exd5 61. Kd4 Kh3 62. Rh8+ Kg2 63. Rg8+ Kf1 64. Rh8 Kg1 65. Ke3 Rg2 66. Ra8 h1=Q 67. Ra1+ Kh2 68. Ra3 Rg3+ 69. Kf2 Rxa3 70. Ke2 Qe4+ 71. Kd2 Rd3+ 72. Kc2 Qc4+ 73. Kb2 Rb3+ 0-1